 Dungeon Crawl Stone Soup version 0.31-a0-692-gf03d1854d5 (webtiles) character file.

Game seed: 18394167005511290697

1022 qw the Skirmisher (level 8, -5/49 HPs)
             Began as a Gargoyle Hunter on Sept 6, 2023.
             Killed by divine providence
             ... invoked by Jeremiah
              (14 damage)
             ... on level 6 of the Dungeon.
             The game lasted 00:01:42 (3755 turns).

qw the Skirmisher (Gargoyle Hunter)                 Turns: 3755, Time: 00:01:43

Health: -5/49      AC: 13    Str: 15    XL:     8   Next: 22%
Magic:  8/8        EV: 26    Int: 10    God:
Gold:   290        SH:  0    Dex: 15    Spells: 7/7 levels left

rFire   . . .        Y - +3 shortbow
rCold   . . .        (shield currently unavailable)
rNeg    + . .        f - +0 ring mail
rPois   inf          j - +0 helmet
rElec   +            (no cloak)
rCorr   +            d - +0 pair of gloves
SInv    .            (no boots)
Will    .....        e - amulet of the acrobat
Stlth   +            l - ring of resist corrosion
HPRegen 0.28/turn    (no ring)
MPRegen 0.11/turn

%: acrobat
@: acrobatic
A: sickness immunity, AC +5, negative energy resistance 1, electricity
resistance, torment resistance 1, petrification resistance
a: no special abilities


You were on level 6 of the Dungeon.
You visited 1 branch of the dungeon, and saw 6 of its levels.

You collected 290 gold pieces.


Innate Abilities, Weirdness & Mutations

You are immune to sickness and miasma.
Your stone body is resilient. (AC +5)
You are immune to poison.
You resist negative energy. (rN+)
You are resistant to electric shocks. (rElec)
You are resistant to unholy torment.
You are immune to petrification.


   Skills:
 - Level 5.0 Fighting
 + Level 8.6 Ranged Weapons
 - Level 2.4 Armour
 - Level 2.4 Dodging
 - Level 1.1 Stealth


You had 7 spell levels left.
You didn't know any spells.
Your spell library was empty.

Inventory:

Hand Weapons
 Y - a +3 shortbow (weapon)
Armour
 d - a +0 pair of gloves (worn)
 f - a +0 ring mail (worn)
 j - a +0 helmet (worn)
Jewellery
 e - an amulet of the acrobat (around neck)
 g - a ring of fire
 l - a ring of resist corrosion (left hand)
Scrolls
 b - 3 scrolls of identify
Potions
 a - 2 potions of curing
 c - a potion of resistance
 h - a potion of haste
 i - a potion of might

Dungeon Overview and Level Annotations

Branches:
Dungeon (6/15)
 Temple: D:4-7

Altars:
Kikubaaqudgha
Qazlal

Shops:
D:1 *

Annotations:
D:6 3 runed translucent doors, Jeremiah; qw's ghost, novice GrHu


Message History

The butterfly disappears in a burst of colours! x2
Jeremiah lets out a twisted cry.
Something smites you!
You shoot an arrow. The arrow hits Jeremiah.
Jeremiah is lightly wounded.
The butterfly disappears in a burst of colours! x2
You hear the hiss of an avalanche of sand nearby.
The butterfly disappears in a burst of colours! x3
You shoot an arrow. The arrow hits Jeremiah.
Jeremiah is lightly wounded.
The butterfly disappears in a burst of colours! x2
Jeremiah shouts, "O dreadful one, destroy my foe!"
Something smites you!
The butterfly disappears in a burst of colours! x2
Jeremiah cries, "Fearful master, protect me!"
Something smites you!
The butterfly disappears in a burst of colours!
Jeremiah hops!
3737 ||| READING 4 scrolls of identify.
As you read the scroll of identify, it crumbles to dust.
h - a potion of haste;
3737 ||| IDENTIFYING white potion The butterfly disappears in a burst of colours! x3
The butterfly disappears in a burst of colours! x2
Jeremiah's eyes momentarily flash bright red.
The butterfly disappears in a burst of colours! x3
The butterfly disappears in a burst of colours!
The butterfly disappears in a burst of colours!
The butterfly disappears in a burst of colours!
The butterfly disappears in a burst of colours!
Enter note: You shoot an arrow.
The arrow barely misses the butterfly.
The butterfly disappears in a burst of colours!
The butterfly disappears in a burst of colours!
The butterfly disappears in a burst of colours! x2
The butterfly disappears in a burst of colours!
The butterfly disappears in a burst of colours!
Jeremiah shouts, "O dreadful one, destroy my foe!"
Something smites you!
You die...
Jeremiah wails, "I didn't mean to kill anyone!
I'm not a murderer!"

........# #.......#
. #...#..!## ..
#........##.##
............# #
........... ..
#......... ### ...
#b@# ##.## #...
#b.# #...#
##...##b## #..
##.## ......bF###
...
##...##..##.b#b..##
...# #.....#
##.###..### ...##
##...## #
###..##.....
##.....##
##........
#.......## #.#
##........


You could see Jeremiah.

Vanquished Creatures
  Sigmund (D:4)
  2 centaurs (D:5)
  A phantom (D:4)
  A scorpion (D:5)
  4 hounds
  4 iguanas
  2 orc wizards (D:6)
  Natasha (thrice) (D:4)
  Robin (D:4)
  4 gnolls
  8 adders
  An ufetubus (D:5)
  3 worms
  2 dart slugs (D:2)
  6 orcs
  5 bats
  4 endoplasms
  5 giant cockroaches
  16 goblins
  7 hobgoblins
  10 kobolds
  3 quokkas
  5 ball pythons
  4 frilled lizards
  3 rats
105 creatures vanquished.

Notes
Turn   | Place    | Note
-------+----------+-------------------------------------------
     0 | D:1      | qw the Gargoyle Hunter began the quest for the Orb.
     0 | D:1      | Reached XP level 1. HP: 12/12 MP: 1/1
     0 | D:1      | 0 ||| qw: Version: 0.3-a-76-g4403597
     0 | D:1      | 0 ||| qw: Game counter: 322
     0 | D:1      | 0 ||| qw: Melee chars always use a shield: true
     0 | D:1      | 0 ||| qw: God list: Okawaru
     0 | D:1      | 0 ||| qw: Allow faded altars: false
     0 | D:1      | 0 ||| qw: Do Orc after clearing Dungeon:15 true
     0 | D:1      | 0 ||| qw: Do second Lair branch before Depths: true
     0 | D:1      | 0 ||| qw: Lair rune preference: random
     0 | D:1      | 0 ||| qw: Goals: Normal
     0 | D:1      | 0 ||| PLANNING D:1-11
    80 | D:1      | Found Fuadgh's General Store.
    88 | D:1      | 88 ||| SHOPLISTING +0 ring mail (52 gold, have 12).
    88 | D:1      | 88 ||| SHOPLISTING potion of curing (39 gold, have 12).
    88 | D:1      | 88 ||| SHOPLISTING potion of haste (130 gold, have 12).
    88 | D:1      | 88 ||| SHOPLISTING scroll of identify (26 gold, have 12).
    94 | D:1      | Reached XP level 2. HP: 17/17 MP: 2/2
   367 | D:1      | Reached XP level 3. HP: 21/21 MP: 3/3
   396 | D:1      | 396 ||| UPGRADING to +0 pair of gloves.
   401 | D:1      | 401 ||| READING scroll labelled SAOWICW VUESES.
   402 | D:1      | 402 ||| READING scroll labelled YSKENIXKISK.
   403 | D:1      | 403 ||| READING scroll labelled QIOSSU SYVIRGH.
   404 | D:1      | 404 ||| READING scroll labelled CINISY YSAAQI.
   405 | D:1      | 405 ||| READING 3 scrolls labelled GISTOGAINA.
   406 | D:1      | 406 ||| READING scroll labelled FYFEOPS QAGEO.
   407 | D:1      | 407 ||| DROPPING scroll of butterflies.
   408 | D:1      | 408 ||| DROPPING 2 scrolls of immolation.
   428 | D:2      | Reached skill level 5 in Ranged Weapons
   455 | D:2      | Reached skill level 3 in Fighting
   492 | D:2      | Reached XP level 4. HP: 28/28 MP: 4/4
   682 | D:2      | 682 ||| READING scroll of enchant weapon.
   682 | D:2      | 682 ||| ENCHANTING +1 shortbow.
   913 | D:2      | 913 ||| READING scroll labelled TUVESA VYEPRIOCS.
   917 | D:2      | 917 ||| READING 5 scrolls of identify.
   917 | D:2      | 917 ||| IDENTIFYING black potion
  1085 | D:3      | 1085 ||| READING scroll of enchant weapon.
  1085 | D:3      | 1085 ||| ENCHANTING +2 shortbow.
  1559 | D:3      | 1559 ||| UPGRADING to +0 ring mail.
  1569 | D:3      | 1569 ||| DROPPING +0 leather armour.
  1570 | D:3      | 1570 ||| READING scroll labelled ACUXTO IXUMI.
  1571 | D:3      | 1571 ||| READING scroll labelled QOGIWK ETRIE.
  1572 | D:3      | 1572 ||| READING 5 scrolls of identify.
  1572 | D:3      | 1572 ||| IDENTIFYING murky orange potion
  1617 | D:4      | Reached skill level 1 in Armour
  1617 | D:4      | Reached XP level 5. HP: 29/32 MP: 5/5
  1630 | D:4      | Noticed Natasha
  1632 | D:4      | 1632 ||| STAIRDANCE
  1746 | D:4      | 1746 ||| STAIRDANCE
  1770 | D:4      | 1770 ||| STAIRDANCE
  1877 | D:4      | Killed Natasha
  1878 | D:4      | Reached skill level 6 in Ranged Weapons
  2024 | D:4      | Noticed Natasha
  2027 | D:4      | Noticed a phantom
  2028 | D:4      | 2028 ||| RETREATING.
  2038 | D:4      | 2038 ||| Stepping ~*~*~tactically~*~*~ (retreating).
  2039 | D:4      | 2039 ||| Stepping ~*~*~tactically~*~*~ (retreating).
  2039 | D:4      | Found a stormy altar of Qazlal.
  2040 | D:4      | 2040 ||| Stepping ~*~*~tactically~*~*~ (retreating).
  2042 | D:4      | Killed Natasha
  2054 | D:4      | Killed a phantom
  2055 | D:4      | Reached XP level 6. HP: 19/39 MP: 6/6
  2198 | D:4      | Found an ancient bone altar of Kikubaaqudgha.
  2296 | D:4      | Noticed Sigmund
  2302 | D:4      | Killed Sigmund
  2303 | D:4      | Reached skill level 7 in Ranged Weapons
  2479 | D:4      | Reached XP level 7. HP: 44/44 MP: 7/7
  2485 | D:4      | Noticed Robin
  2492 | D:4      | Killed Robin
  2533 | D:4      | Noticed Natasha
  2535 | D:4      | Killed Natasha
  2654 | D:4      | 2654 ||| UPGRADING to +0 helmet.
  2659 | D:4      | 2659 ||| READING scroll labelled QENIELU TEUCHUS.
  2660 | D:4      | 2660 ||| READING 5 scrolls of identify.
  2660 | D:4      | 2660 ||| IDENTIFYING lumpy white potion
  2661 | D:4      | 2661 ||| READING 4 scrolls of identify.
  2661 | D:4      | 2661 ||| IDENTIFYING green potion
  2662 | D:4      | 2662 ||| DROPPING potion of invisibility.
  2700 | D:5      | Entered Level 5 of the Dungeon
  2703 | D:5      | 2703 ||| RETREATING.
  2712 | D:5      | 2712 ||| Stepping ~*~*~tactically~*~*~ (retreating).
  2713 | D:5      | 2713 ||| Stepping ~*~*~tactically~*~*~ (retreating).
  2715 | D:5      | HP: 11/44 [gnoll/+0 club (3)]
  2718 | D:5      | HP: 5/44 [gnoll/+0 spear (4)]
  2723 | D:5      | HP: 6/44 [gnoll/+0 spear (1)]
  2723 | D:5      | HP: 2/44 [hound (4)]
  3029 | D:5      | Reached skill level 8 in Ranged Weapons
  3045 | D:5      | 3045 ||| FLEEEEING.
  3051 | D:5      | 3051 ||| FLEEEEING.
  3074 | D:5      | 3074 ||| FLEEEEING.
  3075 | D:5      | 3075 ||| FLEEEEING.
  3076 | D:5      | 3076 ||| FLEEEEING.
  3089 | D:5      | 3089 ||| FLEEEEING.
  3091 | D:5      | 3091 ||| STAIRDANCE
  3124 | D:4      | 3124 ||| UPGRADING to amulet of the acrobat.
  3210 | D:5      | Reached XP level 8. HP: 49/49 MP: 8/8
  3547 | D:5      | 3547 ||| UPGRADING to ring of resist corrosion.
  3548 | D:5      | 3548 ||| READING 2 scrolls labelled SYUZAC POFON.
  3549 | D:5      | 3549 ||| READING scroll labelled NAIGUI ZOUS.
  3550 | D:5      | 3550 ||| DROPPING scroll of summoning.
  3584 | D:6      | 3584 ||| PLANNING OSSUARY
  3670 | D:6      | Found a runed translucent gate.
  3671 | D:6      | Noticed a komodo dragon
  3672 | D:6      | Found a runed translucent gate.
  3672 | D:6      | Noticed qw's ghost (novice GrHu)
  3674 | D:6      | Found a runed translucent gate.
  3722 | D:6      | Noticed Jeremiah
  3735 | D:6      | HP: 3/49 [Jeremiah/divine providence (13)]
  3737 | D:6      | 3737 ||| READING 4 scrolls of identify.
  3737 | D:6      | 3737 ||| IDENTIFYING white potion
  3755 | D:6      | Killed from afar by Jeremiah

Levels and vault maps discovered:
D:1:      psy_arrival_statuary, layout_rooms, serial_shops, shop
D:2:      minmay_angry_zag, layout_basic
D:3:      layout_loops_cross
D:4:      layout_basic, mainiacjoe_overflow_tiny_flanked,
          mainiacjoe_overflow_alcove_2, dk_noncrumbling_3, uniq_robin,
          uniq_sigmund, uniq_natasha
D:5:      minmay_chambers_of_threes, layout_basic, nrook_pool_corridor
D:6:      layout_layer_cave, gammafunk_ghost_split,
          nicolae_ossuary_entry_catacombs, nicolae_figureground_pulse,
          uniq_jeremiah

Skill      XL: |  1  2  3  4  5  6  7 |
---------------+----------------------+-----
Ranged Weapons | 5 6 7 8 |  8.6
Fighting       | 3 4 5 |  5.0
Armour         | 1 2 |  2.4
Dodging        | 2 |  2.4
Stealth        | |  1.1

Action                     |  1- 3 |  4- 6 |  7- 9 || total
---------------------------+-------+-------+-------++-------
   Fire: Shortbow          |    73 |   138 |   136 ||   347
    Use: Scroll            |     6 |     7 |     6 ||    19
 Armour: Leather armour    |    19 |    17 |       ||    36
         Ring mail         |       |    31 |    73 ||   104
  Dodge: Dodged            |    13 |    35 |    58 ||   106

Table legend:
 A = Non-vault XP
 B = Vault XP
 C = Vault XP percentage of total XP
 D = Non-vault monster count
 E = Vault monster count
 F = Vault count percentage of total count
                 A         B        C        D         E       F
            +---------+---------+-------+---------+---------+-------
      Total |     902 |     559 |  38.3 |      74 |      31 |  29.5
            +---------+---------+-------+---------+---------+-------
        D:1 |      35 |       0 |   0.0 |      14 |       0 |   0.0
        D:2 |      58 |      34 |  37.0 |      23 |       7 |  23.3
        D:3 |      27 |       0 |   0.0 |       9 |       0 |   0.0
        D:4 |     238 |     291 |  55.0 |      12 |      13 |  52.0
        D:5 |     423 |     234 |  35.6 |      10 |      11 |  52.4
        D:6 |     121 |       0 |   0.0 |       6 |       0 |   0.0
            +---------+---------+-------+---------+---------+-------
